Map: Catalyst LE

Players

Minatoeh (Minato) - Winner!

  • Race: Zerg Zerg
  • League: Master
  • Spawn Location: 5:00

Namshar

  • Race: Zerg Zerg
  • League: Master
  • Spawn Location: 11:00

Event: WESG Barcelona European Finals 2017

VOD

Have the link to the VOD?

Description

Time

  • Played on: Nov. 23, 2017, 5:09 a.m.
  • Length: 7:33

All games in this series

Show
View Real Time Build Order
Export as new Build Order

Minatoeh Zerg - Winner!

Build Orders: Pool First 

Get SALT Encoding   

  12  0:17  Spawning Pool  
  11  0:22  Drone  
  11  0:27  Drone  
  13  0:31  Drone  
  14  0:40  Overlord  
  14  1:04  Zergling x4  
  14  1:05  Zergling x2  
  17  1:16  Hatchery  
  16  1:20  Zergling x2  
  17  1:27  Zergling x2  
  18  1:36  Queen  
  20  1:40  Zergling x2  
  21  1:49  Zergling x2  
  22  1:59  Overlord  
  22  2:17  Queen  
  23  2:30  Queen, Drone x3  
  23  2:35  Drone  
  28  2:40  Drone  
  28  2:41  Drone  
  30  2:48  Drone x2  
  32  2:51  Drone  
  33  2:59  Drone x2  
  33  3:01  Extractor  
  33  3:05  Overlord  
  34  3:08  Drone  
  35  3:13  Extractor  
  35  3:20  Drone  
  35  3:22  Overlord  
  35  3:24  Drone x2  
  35  3:26  Drone  
  38  3:28  Drone  
  38  3:30  Drone  
  40  3:35  Drone  
  40  3:36  Drone  
  40  3:40  Overlord  
  42  3:50  Evolution Chamber  
  42  3:52  Metabolic Boost  
  41  3:58  Drone, Roach Warren  
  42  4:02  Drone  
  42  4:03  Drone  
  42  4:06  Drone  
  44  4:11  Zergling x2  
  44  4:12  Zergling x4  
  44  4:16  Zerg Melee Weapons Level 1  
  47  4:20  Evolution Chamber  
  47  4:22  Zergling x2  
  47  4:26  Zergling x4  
  49  4:32  Zergling x6  
  49  4:35  Drone  
  53  4:38  Drone  
  53  4:39  Drone  
  53  4:44  Drone x2  
  57  4:56  Zerg Ground Armor Level 1  
  57  5:08  Hatchery  
  57  5:11  Drone x2  
  58  5:23  Roach, Overlord x3  
  59  5:29  Overlord x2  
  58  5:46  Roach x2  
  58  5:47  Zergling x2, Roach x3  
  58  5:48  Zergling x2  
  65  5:50  Zergling x2  
  65  5:53  Unknown  
  65  5:58  Zergling x4  
  65  6:01  Zergling x2  
  72  6:09  Zergling x12  
  74  6:12  Ravager  
  74  6:13  Ravager x3  
  74  6:15  Zergling x4  
  80  6:21  Zergling x2  
  81  6:26  Zergling x4  
  83  6:33  Zergling x2  
  83  6:37  Zergling x10  
  89  6:40  Zergling x6  
  89  6:46  Zergling x2  
  93  6:49  Zergling x4  
  85  7:03  Zergling x12  
  89  7:15  Zergling x10  
Show
View Real Time Build Order
Export as new Build Order

Namshar Zerg 

Build Orders: Hatch First 

Get SALT Encoding   

  12  0:00  Drone  
  13  0:13  Overlord  
  13  0:17  Drone  
  14  0:31  Drone x2  
  14  0:34  Drone  
  17  0:52  Hatchery  
  17  0:54  Drone  
  17  0:58  Drone  
  18  1:08  Extractor  
  17  1:13  Spawning Pool  
  17  1:15  Drone  
  17  1:19  Drone  
  18  1:28  Drone  
  19  2:00  Zergling x4  
  19  2:01  Zergling x2  
  22  2:03  Queen x2  
  22  2:04  Zergling x2  
  27  2:12  Zergling x2  
  26  2:34  Overlord  
  26  2:37  Zergling x2  
  27  2:55  Zergling x4  
  27  2:56  Drone x2  
  27  2:57  Drone  
  32  3:00  Drone  
  33  3:10  Drone  
  33  3:11  Drone  
  35  3:21  Overlord  
  35  3:24  Lair  
  35  3:31  Evolution Chamber  
  35  3:32  Queen  
  35  3:33  Roach Warren  
  35  3:35  Overlord  
  35  3:39  Drone x3  
  38  3:42  Drone  
  39  3:48  Drone  
  39  3:49  Drone x2  
  39  3:53  Drone  
  43  3:56  Drone  
  43  4:00  Zerg Missile Weapons Level 1  
  44  4:07  Evolution Chamber  
  43  4:10  Drone x3  
  43  4:13  Extractor  
  45  4:17  Extractor  
  45  4:18  Drone x2  
  45  4:23  Glial Reconstitution  
  46  4:24  Overlord  
  46  4:27  Drone  
  46  4:28  Drone  
  46  4:30  Drone  
  49  4:31  Drone  
  49  4:32  Drone  
  51  4:44  Drone x2  
  53  4:46  Drone  
  54  4:54  Hatchery, Overlord  
  54  4:58  Overseer  
  53  5:08  Roach x2  
  57  5:16  Roach x3  
  57  5:21  Roach x3  
  65  5:31  Roach  
  65  5:33  Overlord x2  
  67  5:43  Queen  
  67  5:46  Queen  
  67  5:49  Ravager  
  67  5:50  Roach  
  67  5:54  Overlord x2  
  67  6:02  Drone, Hatchery  
  67  6:07  Roach x2  
  71  6:11  Overseer  
  71  6:19  Roach x2  
  75  6:30  Queen  
  77  6:34  Drone  
  77  6:35  Drone, Extractor  
  77  6:36  Drone  
  77  6:37  Drone  
  80  6:48  Roach x3  
  86  7:01  Roach x2  
  73  7:04  Roach x5  
  73  7:05  Roach  
  72  7:15  Roach Warren  
Tags
 
Add a new tag
Caveats
  • Supply blocks, unpowered buildings, or Contaminate may cause inaccurate times.
  • Supply counts are checked every 10 seconds.